 Dungeon Crawl Stone Soup version 0.25-a0-105-g2289b3b (console) character file.

Game seed: 8403415519978010562, levelgen mode: deterministic

8092 vegansnacktivist the Reanimator (level 11, -3/96 HPs)
             Began as a Deep Dwarf Fighter on Nov 17, 2019.
             Was a Believer of Makhleb.
             Slain by a two-headed ogre
             ... wielding a +0 giant club
              (22 damage)
             ... on level 11 of the Dungeon.
             The game lasted 00:24:20 (8548 turns).

vegansnacktivist the Reanimator (DDFi)              Turns: 8548, Time: 00:24:21

Health: -3/96      AC: 17    Str: 23    XL:     11   Next: 5%
Magic:  10/15      EV:  5    Int:  9    God:    Makhleb [**....]
Gold:   831        SH:  9    Dex: 12    Spells: 21/24 levels left

rFire    . . .     SeeInvis .   a - +0 war axe
rCold    + . .     Gourm    .   c - +0 shield
rNeg     . . .     Faith    .   G - +3 chain mail
rPois    +         Spirit   .   (no helmet)
rElec    .         Reflect  .   I - +2 cloak {MR+}
rCorr    .         Harm     .   o - +0 pair of gloves
MR       ++...                  q - +0 pair of boots
Stlth    ..........             (no amulet)
HPRegen  0.00/turn              s - ring of poison resistance
MPRegen  0.14/turn              N - ring of protection from cold

@: very slightly contaminated, non-regenerating, drained
A: damage resistance, heal wounds, sense surroundings 2, no regeneration
a: Heal Wounds, Minor Destruction, Renounce Religion


You were on level 11 of the Dungeon.
You worshipped Makhleb.
Makhleb was pleased with you.
You were hungry.

You visited 3 branches of the dungeon, and saw 13 of its levels.

You collected 831 gold pieces.

Inventory:

Hand Weapons
 a - a +0 war axe (weapon)
Missiles
 p - 13 boomerangs (quivered)
 x - 4 boomerangs of dispersal
Armour
 c - a +0 shield (worn)
 o - a +0 pair of gloves (worn)
 q - a +0 pair of boots (worn)
 G - a +3 chain mail (worn)
 I - a +2 cloak of magic resistance (worn)
Magical Staves
 L - an uncursed staff of earth
Jewellery
 e - an uncursed ring of ice
 s - a ring of poison resistance (left hand)
 C - an uncursed ring of stealth
 N - a ring of protection from cold (right hand)
Wands
 y - a wand of paralysis (4)
 F - a wand of flame (43)
 M - a wand of iceblast (8)
 P - a wand of acid (5)
Scrolls
 g - a scroll of enchant weapon
 i - 6 scrolls of remove curse
 k - 4 scrolls of enchant armour
 n - 3 scrolls of teleportation
 t - a scroll of fog
 z - a scroll of immolation
 A - 4 scrolls of magic mapping
 E - a scroll of blinking
 H - a scroll of identify
 J - a scroll of fear
 K - 2 scrolls of amnesia
Potions
 b - a potion of mutation
 d - a potion of might
 h - a potion of magic {unknown}
 j - a potion of invisibility
 l - a potion of flight
 m - 2 potions of heal wounds
 r - 2 potions of lignification
 u - a potion of resistance
 v - 2 potions of berserk rage
 w - 5 potions of curing
 B - a potion of agility
 D - 2 potions of haste
Comestibles
 f - 26 rations
 O - a chunk of flesh


   Skills:
 - Level 5.2(4.5) Fighting
 - Level 10.6(9.7) Axes
 - Level 3.2(2.5) Armour
 - Level 3.2(2.5) Shields
 + Level 7.2(6.4) Spellcasting
 - Level 11.0(10.1) Necromancy


You had 21 spell levels left.
You knew the following spells:

 Your Spells              Type           Power        Failure   Level  Hunger
a - Vampiric Draining     Necr           ###.......   38%         3    ###....

Your spell library contained the following spells:

 Spells                   Type           Power        Failure   Level  Hunger
 Animate Skeleton         Necr           N/A          14%         1    None
 Pain                     Necr           ###.         14%         1    None
 Animate Dead             Necr           N/A          80%         4    ####...
 Regeneration             Chrm/Necr      Unusable     N/A         3    N/A

Dungeon Overview and Level Annotations

Branches:
Dungeon (11/15)            Temple (1/1) D:6            Lair (0/6) D:10
    Orc (1/2) D:9

Altars:
Ashenzari
Cheibriados
Dithmenos
Elyvilon
Fedhas
Gozag
Hepliaklqana
Kikubaaqudgha
Makhleb
Nemelex Xobeh
Okawaru
Qazlal
Ru
Sif Muna
Trog
Uskayaw
Vehumet
Wu Jian
Xom
Yredelemnul
Zin
The Shining One

Shops:
D:9 ([   Orc:1 !


Innate Abilities, Weirdness & Mutations

You are resistant to damage.
You can heal yourself by infusing magical energy.
You passively map the area around you.
You do not regenerate.


Message History

* * * LOW HITPOINT WARNING * * *
The troll bites you. The troll claws you!
* * * LOW HITPOINT WARNING * * *
The troll barely misses you.
You feel much better. You block the two-headed ogre's attack.
The two-headed ogre hits you with a +0 giant club.
The troll bites you!
* * * LOW HITPOINT WARNING * * *
The troll claws you but does no damage. You block the troll's attack.
Unknown command.
Unknown command.
Unknown command.
You slash the two-headed ogre!
The two-headed ogre is heavily wounded.
Your shield and chain mail prevent you from hitting the troll.
The troll bites you.
* * * LOW HITPOINT WARNING * * *
You block the troll's attack. x2
The two-headed ogre hits you with a +0 giant club!!
You die...

, , * *....# , ,
... *....# ....
....# , **
#...#######....# *
, * ,
+..............###
*
#.................
,, ,, ,
#...............# *
,,#.......T.......#
, , *
#......@O.......#
,, , , *
#...............+ ,
, #...............#
, ,
#...............# ,
,
..########......#,
, * , , . ,,
#......#, , , , ,,
......# * , , ,, *
,, ......, , , , ,
,


You could see a two-headed ogre and a troll.

Vanquished Creatures
  A two-headed ogre (D:10)
  An unseen horror (D:10)
  Pikel (D:8)
  Psyche (D:10)
  Maurice (D:8)
  2 trolls
  A wyvern (D:8)
  Menkaure (D:6)
  2 hungry ghosts (D:8)
  2 soldier ants (D:9)
  Edmund (D:6)
  Duvessa (D:6)
  2 water moccasins
  5 orc warriors
  3 slaves (D:8)
  A black bear (D:8)
  A necrophage (D:7)
  A sky beast (D:8)
  4 ogres
  8 centaurs
  4 scorpions
  A water moccasin skeleton (D:9)
  Dowan (D:6)
  7 killer bees
  8 wights (D:10)
  A howler monkey (D:4)
  2 crimson imps
  2 centaur zombies
  A quasit (D:8)
  2 bullfrog skeletons
  3 hounds
  6 orc priests
  A gnoll shaman (D:8)
  5 orc wizards
  An iguana (D:4)
  A statue (D:8)
  4 worker ants
  A killer bee zombie (D:7)
  2 hound zombies
  2 hound skeletons
  2 howler monkey zombies
  9 gnolls
  15 adders
  3 shadow imps
  An ooze (D:1)
  3 dart slugs
  5 worms
  5 leopard geckos
  36 orcs
  A ball python (D:1)
  5 bats
  8 giant cockroaches
  11 goblins
  9 hobgoblins
  5 jackals
  10 quokkas
  3 frilled lizards
  A giant cockroach zombie (D:6)
  4 kobolds
  7 rats
  9 plants (D:10)
247 creatures vanquished.

Vanquished Creatures (others)
  3 toadstools (D:5)
3 creatures vanquished.

Grand Total: 250 creatures vanquished

Notes
Turn   | Place    | Note
-------+----------+-------------------------------------------
     0 | D:1      | vegansnacktivist the Deep Dwarf Fighter began the quest for
                  | the Orb.
     0 | D:1      | Reached XP level 1. HP: 20/20 MP: 1/1
    84 | D:1      | Reached XP level 2. HP: 24/27 MP: 2/2
   651 | D:2      | Reached XP level 3. HP: 23/33 MP: 3/3
   952 | D:2      | Found a snail-covered altar of Cheibriados.
  1541 | D:2      | Reached XP level 4. HP: 18/40 MP: 4/4
  1788 | D:3      | Reached skill level 5 in Axes
  1821 | D:3      | Reached XP level 5. HP: 33/46 MP: 4/4
  2396 | D:4      | Found a snail-covered altar of Cheibriados.
  2472 | D:4      | Found a glowing golden altar of the Shining One.
  2521 | D:4      | Reached XP level 6. HP: 18/55 MP: 5/5
  3132 | D:5      | Entered Level 5 of the Dungeon
  3133 | D:5      | HP: 2/55 [orc priest/divine providence (8)]
  3523 | D:5      | Reached XP level 7. HP: 24/61 MP: 6/6
  3716 | D:5      | Found a glowing drain.
  3794 | D:5      | Found a glowing silver altar of Zin.
  4124 | D:6      | Found an iron altar of Okawaru.
  4202 | D:6      | Found a sparkling altar of Nemelex Xobeh.
  4202 | D:6      | Found a faded altar of an unknown god.
  4207 | D:6      | Found a sacrificial altar of Ru.
  4209 | D:6      | Found a hide-covered altar of Uskayaw.
  4211 | D:6      | Found a faded altar of an unknown god.
  4360 | D:6      | Found a staircase to the Ecumenical Temple.
  4436 | D:6      | Found a basalt altar of Yredelemnul.
  4443 | D:6      | Noticed Edmund
  4472 | D:6      | Killed Edmund
  4472 | D:6      | Reached skill level 10 in Axes
  4500 | D:6      | Noticed Dowan
  4513 | D:6      | Killed Dowan
  4513 | D:6      | Reached XP level 8. HP: 34/68 MP: 5/5
  4515 | D:6      | Noticed Duvessa
  4530 | D:6      | HP: 1/68 [Duvessa/+5 short sword of draining (3)]
  4541 | D:6      | Killed Duvessa
  4890 | D:6      | Noticed Menkaure
  4895 | D:6      | Killed Menkaure
  4896 | D:6      | Found a blossoming altar of Fedhas.
  5126 | D:7      | Reached skill level 5 in Fighting
  5248 | D:7      | Reached skill level 1 in Spellcasting
  5359 | D:7      | Found a burning altar of Makhleb.
  5377 | D:7      | Became a worshipper of Makhleb the Destroyer
  5477 | D:7      | Found a glowing silver altar of Zin.
  5656 | D:8      | Gained mutation: You passively map the area around you.
                  | [Deep Dwarf growth]
  5656 | D:8      | Reached XP level 9. HP: 28/81 MP: 8/10
  5668 | D:8      | Learned a level 3 spell: Vampiric Draining
  5700 | D:8      | Reached skill level 1 in Necromancy
  5723 | D:8      | Reached skill level 2 in Necromancy
  5760 | D:8      | Reached skill level 3 in Necromancy
  5772 | D:8      | Reached skill level 4 in Necromancy
  6060 | D:8      | Reached * piety under Makhleb
  6075 | D:8      | Reached skill level 5 in Necromancy
  6080 | D:8      | Noticed Maurice
  6106 | D:8      | Killed Maurice
  6106 | D:8      | Reached skill level 6 in Necromancy
  6111 | D:8      | Noticed Pikel
  6140 | D:8      | Killed Pikel
  6140 | D:8      | Reached skill level 7 in Necromancy
  6178 | D:8      | Reached skill level 8 in Necromancy
  6223 | D:8      | Found a radiant altar of Vehumet.
  6372 | D:8      | Noticed a moth of wrath
  6375 | D:8      | Found a bloodstained altar of Trog.
  6644 | D:9      | Noticed a troll
  6683 | D:8      | Reached XP level 10. HP: 30/88 MP: 11/11
  6713 | D:8      | Reached skill level 9 in Necromancy
  7008 | D:9      | Found Wimnos's Armour Shop.
  7010 | D:9      | Found a staircase to the Orcish Mines.
  7031 | D:9      | Reached skill level 10 in Necromancy
  7035 | D:9      | Found Jahai's Weapon Shop.
  7218 | D:9      | Reached ** piety under Makhleb
  7463 | D:9      | Found an ancient bone altar of Kikubaaqudgha.
  7598 | D:9      | Reached skill level 11 in Necromancy
  7633 | Orc:1    | Entered Level 1 of the Orcish Mines
  7633 | Orc:1    | Found Pakkivvu's Distillery.
  7734 | Temple   | Entered the Ecumenical Temple
  7930 | D:10     | Entered Level 10 of the Dungeon
  7941 | D:10     | Found a staircase to the Lair.
  8044 | D:10     | Killed an unseen horror
  8044 | D:10     | Reached skill level 5 in Spellcasting
  8214 | D:10     | Noticed a two-headed ogre
  8231 | D:10     | Killed a two-headed ogre
  8272 | D:10     | Reached XP level 11. HP: 63/96 MP: 4/15
  8428 | D:10     | Noticed Psyche
  8437 | D:10     | Killed Psyche
  8532 | D:11     | Noticed a two-headed ogre
  8548 | D:11     | Slain by a two-headed ogre

Levels and vault maps discovered:
D:1:      psy_arrival_dodecagon, layout_basic
D:2:      layout_loops_ring, serial_co_window_serial, co_window_cross_1,
          co_window_paths_b, co_window_paths_b, co_window_corner_a,
          co_window_corner_a, co_window_cross_3, co_window_paths_c,
          co_window_corner_b, co_window_paths_d, co_window_paths_e,
          glass_columns_b, glass_columns_c, glass_columns_a, glass_columns_c,
          kennysheep_slug_shrine
D:3:      layout_basic
D:4:      layout_basic, overflow_temple_1_default, nicolae_tso_carved_into_rock,
          first_ration
D:5:      layout_basic, kennysheep_mini_moat, gup_sewer_entry_glass,
          minmay_gold_behind_fungi, chequers_big_river
D:6:      layout_loops_ring, lemuel_coloured_pillars_altar, lemuel_doored_altar,
          chequers_temple_overflow_minitemple, lemuel_round_altar,
          minmay_temple_entry_statues_pillars, uniq_menkaure, uniq_duvessa,
          uniq_edmund
D:7:      layout_basic, makhleb_blood_cavern_becter, basic_altar
D:8:      layout_rooms, vehumet_statue, tgw_trog, uniq_pikel, uniq_maurice
D:9:      layout_cave_pools, lemuel_round_altar, orc_david_3,
          hangedman_pestilent_swarm, kennysheep_nondescript,
          hangedman_decor_diamond_cutter
D:10:     layout_cave_pools, dpeg_oklobed_lair, uniq_psyche
D:11:     layout_irregular_city, enter_bailey_6, serial_shops, shop,
          minmay_circle_x
Temple:   kb_temple_of_zot
Orc:1:    layout_diamond_mine, serial_shops, nicolae_shop_statue_plus,
          nicolae_orc_flooded_monolith

Skill      XL: |  1  2  3  4  5  6  7  8  9 10 11 |
---------------+----------------------------------+-----
Axes           | 3 4 5 7 8 10 | 10.6
Fighting       | 5 |  5.2
Spellcasting   | 4 6 7 |  7.2
Necromancy     | 8 11 | 11.0
Armour         | |  3.2
Shields        | |  3.2

Action                   |  1- 3 |  4- 6 |  7- 9 | 10-12 || total
-------------------------+-------+-------+-------+-------++-------
Melee: War axe           |   118 |   205 |   461 |   335 ||  1119
Throw: Throwing net      |       |       |     1 |       ||     1
       Boomerang         |       |       |    34 |    18 ||    52
 Cast: Vampiric Draining |       |       |       |    24 ||    24
 Abil: Heal Wounds       |       |     5 |    11 |     8 ||    24
Evoke: Wand              |       |       |    18 |     1 ||    19
  Use: Scroll            |       |    11 |       |    10 ||    21
       Potion            |       |       |     1 |       ||     1
 Stab: Paralysed         |       |       |     4 |       ||     4
  Eat: Chunk             |     2 |     7 |    10 |    13 ||    32
       Ration            |       |       |     2 |     1 ||     3
Armor: Scale mail        |    63 |    99 |    72 |       ||   234
       Chain mail        |       |       |   194 |   237 ||   431
       Skin              |       |       |    32 |       ||    32
Dodge: Dodged            |    44 |    56 |   120 |    80 ||   300
Block: Shield            |    62 |   120 |   283 |   187 ||   652

Table legend:
 A = Non-vault XP
 B = Vault XP
 C = Vault XP percentage of total XP
 D = Non-vault monster count
 E = Vault monster count
 F = Vault count percentage of total count
                 A         B        C        D         E       F
            +---------+---------+-------+---------+---------+-------
      Total |    8654 |    2906 |  25.1 |     203 |      32 |  13.6
            +---------+---------+-------+---------+---------+-------
        D:1 |      39 |       0 |   0.0 |      17 |       0 |   0.0
        D:2 |      55 |       4 |   6.8 |      18 |       1 |   5.3
        D:3 |     208 |       0 |   0.0 |      31 |       0 |   0.0
        D:4 |     237 |       0 |   0.0 |      15 |       0 |   0.0
        D:5 |     597 |      57 |   8.7 |      26 |       6 |  18.8
        D:6 |      12 |     539 |  97.8 |       2 |       4 |  66.7
        D:7 |     679 |     145 |  17.6 |      21 |       2 |   8.7
        D:8 |    2293 |    1094 |  32.3 |      30 |       8 |  21.1
        D:9 |    1493 |     649 |  30.3 |      21 |      10 |  32.3
       D:10 |    2910 |     418 |  12.6 |      18 |       1 |   5.3
      Orc:1 |     131 |       0 |   0.0 |       4 |       0 |   0.0
            +---------+---------+-------+---------+---------+-------
